AoeStats
← lord pingostini

Arena

504532908Analyzed
4v4 RM · 26d ago on Sep 5, 2026· 55m 21s· 8 players
Game mode
Random Map
Map size
Large (8 player)
Population
200
Speed
Normal
Resources
Standard
Victory
Conquest
Starting age
Dark Age
Ending age
Imperial Age
RankedLock teamsTeams togetherTeam positionsShared explorationLock speedFull tech treeHidden civsTurbo modeCheats
Victory
Defeat
🇹🇼 Aztecs · Taiwan
1146
+13
🇹🇼 Britons · Taiwan
1119
+14
🇦🇷 Japanese · Argentina
1097
+15
🇹🇼 Italians · Taiwan
1026
+17
🇨🇦 Teutons · Canada
1110
-16
🇵🇪 Gurjaras · Peru
1096
-16
🇬🇷 Britons · Greece
1086
-15
🇵🇪 Bohemians · Peru
991
-12
b556672
11:22 Feudal Age
14:55 Castle Age
13:02 Double-Bit Axe
13:25 Horse Collar
16:02 Bow Saw
16:11 Heavy Plow
19:58 Fervor
20:40 Wheelbarrow
22:32 Sanctity
22:14 Loom
26:01 Hand Cart
29:57 Imperial Age
27:21 Gold Mining
27:21 Stone Mining
27:47 Eagle Warrior
28:27 Squires
28:12 Arson
28:12 Gambesons
28:47 Scale Mail Armor
28:57 Forging
30:55 Chain Mail Armor
31:16 Iron Casting
31:13 Elite Eagle Warrior
32:43 Block Printing
35:35 Plate Mail Armor
37:11 Gold Shaft Mining
36:25 Town Watch
38:32 Conscription
39:30 Blast Furnace
39:38 Town Patrol
40:56 Chemistry
39:44 Pikeman
41:33 Garland Wars
46:10 Caravan
48:16 Fletching
48:26 Padded Archer Armor
50:12 Murder Holes
50:38 Ballistics
50:15 Bodkin Arrow
53:47 Elite Jaguar Warrior
明仔
11:33 Feudal Age
16:54 Castle Age
16:18 Loom
17:02 Horse Collar
19:23 Double-Bit Axe
20:02 Scale Mail Armor
23:04 Gold Mining
26:22 Wheelbarrow
26:52 Stone Mining
33:52 Imperial Age
32:45 Gold Shaft Mining
33:17 Pikeman
34:03 Squires
34:18 Bow Saw
35:22 Halberdier
39:16 Heavy Plow
41:16 Hand Cart
42:03 Conscription
44:29 Two-Man Saw
42:57 Elite Samurai
44:00 Conscription
44:20 Murder Holes
45:47 Chain Mail Armor
45:42 Forging
48:33 Plate Mail Armor
48:39 Iron Casting
51:58 Blast Furnace
51:26 Fortified Wall
51:37 Ballistics
52:17 Chemistry
51:28 Masonry
52:06 Fletching
52:58 Capped Ram
54:05 Yasama
Gamer
10:53 Feudal Age
11:57 Loom
14:47 Castle Age
12:59 Horse Collar
13:08 Double-Bit Axe
19:47 Heavy Plow
20:24 Bow Saw
21:36 Wheelbarrow
28:22 Imperial Age
28:29 Imperial Age
26:05 Stone Mining
26:15 Gold Mining
27:22 Fletching
27:32 Padded Archer Armor
27:54 Ballistics
27:15 Treadmill Crane
28:43 Hand Cart
28:25 Bodkin Arrow
28:49 Town Watch
28:31 Pikeman
28:56 Gambesons
29:11 Squires
29:45 Leather Archer Armor
30:36 Halberdier
31:31 Bracer
31:43 Forging
31:34 Scale Mail Armor
31:10 Crossbowman
33:04 Conscription
33:47 Arbalester
36:00 Gold Shaft Mining
35:56 Bracer
36:27 Ring Archer Armor
38:17 Two-Man Saw
39:05 Town Patrol
41:30 Iron Casting
41:11 Chain Mail Armor
41:56 Yeomen
45:35 Blast Furnace
45:05 Plate Mail Armor
46:29 Siege Engineers
46:36 Masonry
46:10 Elite Skirmisher
47:23 Elite Longbowman
49:39 Hoardings
51:59 Chemistry
51:47 Architecture
54:05 Warwolf
阿一一一
5:41 Loom
10:57 Feudal Age
15:17 Castle Age
14:50 Gold Mining
15:08 Double-Bit Axe
15:14 Horse Collar
17:05 Bow Saw
18:31 Heavy Plow
20:12 Wheelbarrow
25:58 Imperial Age
24:38 Hand Cart
27:45 Chemistry
27:26 Padded Archer Armor
28:56 Stone Mining
34:31 Scale Mail Armor
35:17 Pirotechnia
35:25 Squires
37:30 Town Watch
38:43 Ballistics
42:28 Two-Man Saw
43:39 Pikeman
55:05 Leather Archer Armor
55:34 Thumb Ring
eward17
11:06 Feudal Age
15:36 Castle Age
14:26 Double-Bit Axe
14:22 Horse Collar
16:32 Bow Saw
16:25 Heavy Plow
18:50 Wheelbarrow
23:09 Gold Mining
23:09 Stone Mining
24:11 Hand Cart
23:48 Stone Mining
25:52 Scale Barding Armor
25:58 Forging
26:25 Town Watch
26:27 Loom
27:15 Chain Barding Armor
30:09 Imperial Age
28:34 Iron Casting
28:14 Bloodlines
32:40 Two-Man Saw
31:15 Cavalier
33:11 Plate Barding Armor
33:36 Blast Furnace
32:36 Scale Mail Armor
34:16 Conscription
35:59 Blast Furnace
35:00 Scale Mail Armor
34:52 Fletching
35:16 Masonry
36:05 Crop Rotation
36:19 Squires
36:05 Arson
36:29 Elite Teutonic Knight
40:08 Chain Mail Armor
40:02 Siege Engineers
40:18 Ballistics
41:30 Paladin
45:22 Caravan
45:56 Plate Mail Armor
47:03 Crenellations
braysonyt
0:28 Loom
11:21 Feudal Age
13:21 Horse Collar
15:49 Castle Age
13:52 Double-Bit Axe
15:20 Gold Mining
16:41 Heavy Plow
16:45 Town Watch
25:21 Imperial Age
24:20 Bow Saw
25:17 Gold Shaft Mining
27:08 Chemistry
27:44 Husbandry
27:54 Bloodlines
27:53 Scale Barding Armor
27:58 Forging
29:45 Chain Barding Armor
32:42 Iron Casting
33:58 Plate Barding Armor
38:30 Scale Mail Armor
39:14 Heavy Camel Rider
40:14 Chain Mail Armor
fotolithos
11:52 Feudal Age
17:10 Castle Age
14:59 Double-Bit Axe
15:50 Horse Collar
18:40 Wheelbarrow
18:09 Heavy Plow
22:58 Stone Mining
24:45 Hand Cart
35:11 Crossbowman
37:16 Gold Mining
43:34 Imperial Age
41:21 Fletching
41:31 Padded Archer Armor
42:02 Bodkin Arrow
43:12 Pikeman
43:52 Squires
43:38 Arson
43:43 Arbalester
45:08 Bracer
45:23 Leather Archer Armor
45:10 Scale Mail Armor
45:20 Forging
44:33 Halberdier
50:02 Iron Casting
49:43 Chain Mail Armor
50:15 Bow Saw
51:01 Ring Archer Armor
50:23 Loom
54:21 Yeomen
lord pingostini
3:45 Loom
9:52 Feudal Age
15:15 Castle Age
16:33 Double-Bit Axe
21:41 Wheelbarrow
25:30 Padded Archer Armor
27:55 Bow Saw
29:08 Chemistry
29:41 Leather Archer Armor
36:03 Man-at-Arms
39:23 Long Swordsman
43:31 Imperial Age
42:00 Forging
41:51 Scale Mail Armor
44:07 Iron Casting
43:23 Fletching
43:56 Two-Handed Swordsman
45:05 Champion
48:02 Elite Skirmisher
49:40 Pikeman
50:21 Squires
50:19 Fletching
50:59 Ring Archer Armor
54:02 Two-Man Saw
Connection lost

Rejoining the realm…

Still unreachable

The connection could not be restored.

Session expired

The server has moved on; the page needs a fresh start.